 Dungeon Crawl Stone Soup version 0.30-a0-341-g682706514a (webtiles) character file.

Game seed: 265038752995158524

8290 Nedwor the Slicer (level 11, -9/85 HPs)
             Began as a Demonspawn Gladiator on Oct 28, 2022.
             Was a Priest of Uskayaw.
             Killed from afar by an electric eel (11 damage)
             ... with a bolt of electricity
             ... on level 10 of the Dungeon on Nov 3, 2022.
             The game lasted 00:26:19 (11011 turns).

Nedwor the Slicer (Demonspawn Gladiator)           Turns: 11011, Time: 00:26:19

Health: -9/85      AC: 30    Str: 19      XL:     11   Next: 8%
Magic:  0/15       EV:  8    Int: 10      God:    Uskayaw [***...]
Gold:   565        SH:  5    Dex: 13 (14) Spells: 10/10 levels left

rFire   . . .      SeeInvis +    F - +3 dagger (flame)
rCold   . . .      Faith    .    (no shield)
rNeg    + . .      Spirit   +    D - +1 plate armour
rPois   .          Reflect  +    r - +2 hat
rElec   .          Harm     .    x - +0 cloak
rCorr   .          Rampage  .    n - +1 pair of gloves
Will    .....                    o - +1 pair of boots
Stlth   ..........               g - amulet of reflection
HPRegen 0.34/turn                k - ring of see invisible
MPRegen 0.28/turn                p - ring of positive energy

@: sanguine armoured
A: horns 2, magic shield, magic regeneration, magic link, sanguine armour 2
a: Renounce Religion, Stomp, Line Pass


You were on level 10 of the Dungeon.
You worshipped Uskayaw.
Uskayaw was noncommittal.
You visited 1 branch of the dungeon, and saw 10 of its levels.

You collected 565 gold pieces.

Inventory:

Hand Weapons
 a - a +1 rapier of freezing
 F - a +3 dagger of flaming (weapon)
Missiles
 m - a throwing net
Armour
 n - a +1 pair of gloves (worn)
 o - a +1 pair of boots (worn)
 r - a +2 hat (worn)
 x - a +0 cloak (worn)
 D - a +1 plate armour (worn)
Jewellery
 c - a ring of positive energy
 g - an amulet of reflection (around neck)
 k - a ring of see invisible (left hand)
 p - a ring of positive energy (right hand)
 C - a ring of protection from cold
Wands
 d - a wand of quicksilver (14)
 t - a wand of iceblast (3) (quivered)
Scrolls
 i - 3 scrolls of fear
 l - 3 scrolls of teleportation
 q - a scroll of magic mapping
 s - 2 scrolls of enchant armour
 u - a scroll of immolation
 y - 3 scrolls of identify
Potions
 b - a potion of cancellation
 e - 2 potions of curing
 f - 2 potions of flight
 h - 2 potions of mutation
 j - a potion of haste
 w - a potion of brilliance


   Skills:
 + Level 7.7 Fighting
 * Level 10.1 Short Blades
 - Level 1.7 Throwing
 + Level 6.6 Armour
 + Level 7.3 Dodging
 + Level 5.7 Invocations


You had 10 spell levels left.
You didn't know any spells.
Your spell library contained the following spells:

 Spells                   Type           Power      Damage    Failure   Level
 Magic Dart               Conj           0%         1d3       100%        1
 Call Imp                 Summ           0%         N/A       100%        2
 Sublimation of Blood     Necr           0%         N/A       100%        2
 Mephitic Cloud           Conj/Pois/Air  0%         N/A       100%        3
 Petrify                  Tmut/Erth      0%         N/A       100%        4
 Fireball                 Conj/Fire      0%         3d3       100%        5
 Irradiate                Conj/Tmut      0%         3d11      100%        5
 Iskenderun's Battlesphe  Conj           0%         2d6       100%        5
 Conjure Ball Lightning   Conj/Air       0%         3x3d6     100%        6
 Orb of Destruction       Conj           0%         9d5       100%        7


Dungeon Overview and Level Annotations

Branches:
Dungeon (10/15)            Temple (0/1) D:5            Lair (0/5) D:10
    Orc (0/2) D:9

Altars:
Ashenzari
Okawaru
Qazlal
Sif Muna
Uskayaw
Yredelemnul

Shops:
D:7 *=   D:9 *:[(


Innate Abilities, Weirdness & Mutations

You have a pair of horns on your head.
When hurt, damage is shared between your health and your magic reserves.
You regenerate magic rapidly.
When low on magic, you restore magic in place of health.
When seriously injured, your blood forms thick armour. (AC +9)


Message History

You closely miss the electric eel. You headbutt the electric eel!
The electric eel is severely wounded.
Uskayaw will force your foes to helplessly watch your dance.
Uskayaw prepares the audience for your solo!
The helpless electric eel fails to defend itself.
You stick the electric eel like a pincushion!!!
You burn the electric eel.
You kill the electric eel!
The helpless electric eel fails to defend itself.
You impale the electric eel!! You burn the electric eel.
You kill the electric eel!
The electric eel is no longer paralysed.
The electric eel shoots out a bolt of lightning at you!
The bolt of electricity hits the electric eel.
The electric eel completely resists.
The bolt of electricity hits you.
* * * LOW HITPOINT WARNING * * *
The helpless electric eel fails to defend itself.
You impale the electric eel!! You burn the electric eel.
You kill the electric eel!
The electric eel shoots out a bolt of lightning at you!
The bolt of electricity hits you!
* * * LOW HITPOINT WARNING * * *
Uskayaw will force your foes to share their pain.
The electric eel shoots out a bolt of lightning at you!
The bolt of electricity hits you.
* * * LOW HITPOINT WARNING * * *
An electric eel comes into view.
The electric eel shoots out a bolt of lightning at you!
The bolt of electricity misses you.
The electric eel shoots out a bolt of lightning at you!
The bolt of electricity hits you!
* * * LOW HITPOINT WARNING * * *
The electric eel shoots out a bolt of lightning at you!
The bolt of electricity hits you but does no damage.
The electric eel shoots out a bolt of lightning at you!
The bolt of electricity hits you!
* * * LOW HITPOINT WARNING * * *
The electric eel shoots out a bolt of lightning at you!
The bolt of electricity hits you!
You die...

####...........###
...................
.~.............####
.~.~..~~.......###
.~~≈~.~.).........
~.≈≈≈≈~.~......###
≈~≈≈≈≈≈S.~.#####
~≈≈~~~≈~~~.#########.#
.~.~.~~≈≈~....@......#
....~≈≈≈≈~############
~.>..≈≈≈≈≈#
....~≈≈≈≈≈#
....~≈≈≈≈~# ..~.≈≈≈~..
.~~≈~.. ~≈~~~..


You could see an electric eel.

Vanquished Creatures
  A two-headed ogre (D:8)
  A cyclops (D:9)
  A manticore (D:9)
  A gargoyle (D:10)
  Maggie (D:7)
  2 kobold demonologists (D:10)
  4 trolls
  A hornet (D:10)
  Prince Ribbit (D:4)
  Sigmund (D:6)
  2 wyverns
  A wraith (D:9)
  A water moccasin (D:6)
  2 ice beasts
  6 orc warriors
  3 black bears
  3 ogres
  2 centaurs
  A wolf (D:10)
  A kobold brigand (D:9)
  A phantom (D:5)
  4 bullfrogs
  A necrophage (D:4)
  A gnoll sergeant (D:9)
  A scorpion (D:4)
  4 wights (D:9)
  5 killer bees (D:7)
  A howler monkey (D:8)
  3 electric eels (D:10)
  8 hounds
  3 gnoll boudas
  5 orc priests
  A jelly (D:4)
  7 iguanas
  Natasha (thrice) (D:3)
  3 orc wizards
  25 gnolls
  10 adders
  A shadow imp (D:7)
  2 white imps (D:6)
  A worm (D:5)
  2 dart slugs
  26 orcs
  2 bats (D:1)
  3 endoplasms
  6 giant cockroaches
  11 goblins
  8 hobgoblins
  4 jackals (D:4)
  13 kobolds
  5 quokkas
  8 ball pythons
  8 rats
  A spectral orc (D:8)
223 creatures vanquished.

Notes
Turn   | Place    | Note
-------+----------+-------------------------------------------
     0 | D:1      | Nedwor the Demonspawn Gladiator began the quest for the
                  | Orb.
     0 | D:1      | Reached XP level 1. HP: 16/16 MP: 1/1
   189 | D:1      | Gained mutation: When seriously injured, your blood forms
                  | armour. (AC +9) [demonic ancestry]
   189 | D:1      | Reached XP level 2. HP: 22/22 MP: 2/2
   190 | D:1      | Reached skill level 3 in Short Blades
   767 | D:2      | Reached XP level 3. HP: 27/28 MP: 3/3
   984 | D:2      | Found a faded altar of an unknown god.
  1014 | D:2      | Reached skill level 1 in Armour
  1494 | D:3      | Gained mutation: You have a pair of small horns on your
                  | head. [demonic ancestry]
  1494 | D:3      | Reached XP level 4. HP: 34/34 MP: 4/4
  1777 | D:3      | Noticed Natasha
  1785 | D:3      | Killed Natasha
  1921 | D:3      | Noticed Natasha
  1933 | D:3      | Killed Natasha
  1934 | D:3      | Gained mutation: You regenerate magic rapidly. [demonic
                  | ancestry]
  1934 | D:3      | Reached XP level 5. HP: 33/40 MP: 5/5
  2056 | D:3      | Noticed Natasha
  2071 | D:3      | Killed Natasha
  2072 | D:3      | Reached skill level 4 in Short Blades
  2659 | D:4      | Noticed an ogre
  2667 | D:4      | Killed an ogre
  2668 | D:4      | Reached XP level 6. HP: 29/47 MP: 6/6
  3125 | D:4      | Found a hide-covered altar of Uskayaw.
  3139 | D:4      | Became a worshipper of Uskayaw the Reveller
  3223 | D:4      | Reached * piety under Uskayaw
  3237 | D:4      | Reached ** piety under Uskayaw
  3240 | D:4      | Reached skill level 5 in Short Blades
  3353 | D:4      | Gained mutation: When seriously injured, your blood forms
                  | thick armour. (AC +9) [demonic ancestry]
  3353 | D:4      | Reached XP level 7. HP: 53/53 MP: 7/7
  3706 | D:5      | Entered Level 5 of the Dungeon
  3706 | D:5      | Noticed Prince Ribbit
  3742 | D:4      | Reached *** piety under Uskayaw
  4897 | D:5      | Noticed a wyvern
  4913 | D:4      | Killed Prince Ribbit
  4996 | D:4      | Killed a wyvern
  4996 | D:4      | Reached **** piety under Uskayaw
  5002 | D:4      | Reached ***** piety under Uskayaw
  5004 | D:4      | Reached skill level 6 in Short Blades
  5004 | D:4      | Gained mutation: When hurt, damage is shared between your
                  | health and your magic reserves. [demonic ancestry]
  5004 | D:4      | Reached XP level 8. HP: 35/61 MP: 8/8
  5321 | D:5      | Found a broken altar of Ashenzari.
  5375 | D:5      | Reached skill level 5 in Fighting
  5394 | D:5      | Reached skill level 5 in Dodging
  5625 | D:5      | Found a staircase to the Ecumenical Temple.
  5919 | D:6      | Noticed Sigmund
  5928 | D:6      | Killed Sigmund
  5929 | D:6      | Reached skill level 7 in Short Blades
  6161 | D:7      | Found a shimmering blue altar of Sif Muna.
  6187 | D:7      | Gained mutation: You have a pair of horns on your head.
                  | [demonic ancestry]
  6187 | D:7      | Reached XP level 9. HP: 64/68 MP: 9/9
  6242 | D:7      | Found a stormy altar of Qazlal.
  6270 | D:7      | Found Podib's Overcharged Wands.
  6474 | D:7      | Noticed Maggie
  6508 | D:7      | Killed Maggie
  6509 | D:7      | Reached skill level 8 in Short Blades
  6509 | D:7      | Reached skill level 5 in Armour
  6816 | D:7      | Found Hotek Viu's Jewellery Boutique.
  6843 | D:7      | Found an iron altar of Okawaru.
  7373 | D:8      | Reached skill level 1 in Invocations
  7499 | D:8      | Noticed a two-headed ogre
  7509 | D:8      | Killed a two-headed ogre
  7901 | D:8      | Found a basalt altar of Yredelemnul.
  7960 | D:9      | Noticed a manticore
  7961 | D:9      | Noticed a cyclops
  7961 | D:9      | Noticed a troll
  7973 | D:9      | Killed a troll
  7974 | D:9      | Gained mutation: When low on magic, you restore magic in
                  | place of health. [demonic ancestry]
  7974 | D:9      | Reached XP level 10. HP: 55/77 MP: 8/12
  7977 | D:9      | Killed a manticore
  7978 | D:9      | Reached skill level 9 in Short Blades
  7987 | D:9      | Reached ****** piety under Uskayaw
  7992 | D:9      | Killed a cyclops
  8409 | D:9      | Found Huublen's Weapon Emporium.
  8409 | D:9      | Found a staircase to the Orcish Mines.
  8639 | D:9      | Found Coirr's Armour Emporium.
  8955 | D:9      | Found Tezxoali's General Store.
  9356 | D:9      | Upgraded the game from 0.30-a0-325-gb515db48ae to
                  | 0.30-a0-341-g682706514a
  9417 | D:9      | Found Famainyxt's Tremendous Tomes.
 10446 | D:10     | Entered Level 10 of the Dungeon
 10462 | D:10     | Noticed a rust devil
 10467 | D:10     | Reached skill level 5 in Invocations
 10504 | D:10     | Noticed a gargoyle
 10555 | D:10     | Paralysed by a hornet for 1 turns
 10585 | D:10     | Reached skill level 10 in Short Blades
 10629 | D:10     | Killed a gargoyle
 10633 | D:10     | Reached XP level 11. HP: 23/85 MP: 8/15
 10978 | D:10     | Found a staircase to the Lair.
 11010 | D:10     | HP: 2/85 [electric eel/bolt of electricity (8)]
 11011 | D:10     | Killed from afar by an electric eel

Illustrated notes

Levels and vault maps discovered:
D:1:      nicolae_arrival_washed_ashore, layout_rooms
D:2:      layout_loops_ring, hellmonk_ecumenical_altar_crossroads,
          palyth_stone_intersect, grunt_decor_arrowhead,
          minmay_indecisive_spiral
D:3:      layout_basic, serial_aquarium, aquarium_bridge_island_small
          [aquarium_subvault_small_water, aquarium_subvault_wall,
          aquarium_subvault_wall, aquarium_subvault_bridge,
          aquarium_subvault_balcony], aquarium_window_corner, aquarium_window_1,
          aquarium_view_2e, uniq_natasha
D:4:      layout_basic, nicolae_uskayaw_dance_hall, kennysheep_generic_room_9
D:5:      layout_rooms, lemuel_coloured_pillars_altar,
          minmay_temple_entry_poolview, uniq_prince_ribbit1
D:6:      layout_basic, hex_tiny, sigmund_army
D:7:      layout_rooms, mainiacjoe_overflow_paths, kennysheep_mini,
          kennysheep_okawaru_gauntlet, serial_shops, shop_fountains,
          nicolae_shop_overcharged_wands, uniq_maggie
D:8:      layout_cave_pools, yredelemnul_forgotten_temple_becter
D:9:      layout_loops_ring, orc_david_3, serial_shops, nicolae_shop_trees,
          kennysheep_small_spiral, nicolae_shop_i_like_big_books,
          minmay_checkerbox
D:10:     layout_basic, mainiacjoe_overflow_alcove_1, erik_lair_island

Skill      XL: |  1  2  3  4  5  6  7  8  9 10 |
---------------+-------------------------------+-----
Short Blades   | 3 4 5 6 7 8 10 | 10.1
Armour         | 1 2 3 4 5 6 |  6.6
Dodging        | 3 4 5 6 7 |  7.3
Fighting       | 3 4 5 6 7 |  7.7
Invocations    | 2 5 |  5.7
Throwing       | |  1.7

Action                   |  1- 3 |  4- 6 |  7- 9 | 10-12 || total
-------------------------+-------+-------+-------+-------++-------
Melee: Rapier            |   127 |   156 |   312 |   207 ||   802
       Punch             |     1 |     1 |     4 |     7 ||    13
       Headbutt          |       |    23 |    76 |    85 ||   184
       Dagger            |       |       |       |   136 ||   136
Throw: Javelin           |       |     4 |       |       ||     4
Invok: Stomp             |       |       |       |     4 ||     4
       Line Pass         |       |       |       |     1 ||     1
Evoke: Wand              |       |       |     2 |     8 ||    10
  Use: Scroll            |       |    10 |     6 |    11 ||    27
       Potion            |       |       |     8 |     5 ||    13
 Stab: Sleeping          |     1 |     1 |       |       ||     2
       Paralysed         |       |       |    13 |    22 ||    35
Armor: Leather armour    |    36 |    40 |       |       ||    76
       Chain mail        |       |     1 |   155 |    36 ||   192
       Plate armour      |       |       |       |   135 ||   135
Dodge: Dodged            |    62 |    96 |   118 |   138 ||   414
Block: Other             |    20 |    40 |    59 |    75 ||   194
       Reflection        |       |       |       |     3 ||     3

Table legend: (Time is in decaauts)
 A = Elapsed time spent in this place.
 B = Non-inter-level travel time spent in this place.
 C = Inter-level travel time spent in this place.
 D = Time resting spent in this place.
 E = Time spent auto-exploring this place.
 F = Levels seen in this place.
 G = Mean time per level.
                   A        B        C        D        E       F      G
               +--------+--------+--------+--------+--------+-----+--------+
         Total |  10782 |  10312 |    470 |   3652 |   4884 |  10 | 1078.2 |
       Dungeon |  10782 |  10312 |    470 |   3652 |   4884 |  10 | 1078.2 |
               +--------+--------+--------+--------+--------+-----+--------+

Top non-repeatable levels by time:
     D:4: 2574 daAuts
     D:9: 1848 daAuts
     D:7: 1052 daAuts
     D:3: 1035 daAuts
     D:6: 1002 daAuts
     D:2: 849 daAuts
     D:1: 728 daAuts
     D:8: 698 daAuts
     D:5: 511 daAuts
    D:10: 481 daAuts
